 Dungeon Crawl Stone Soup version 0.25.0-9-g26727b657a (webtiles) character file.

Game seed: 13553196714016760323

689929 Delamore the Gargoyle Barricade (level 27, -3/199 HPs)
             Began as a Gargoyle Fighter on June 21, 2020.
             Was the Champion of Okawaru.
             Slain by an Orb Guardian (4 damage)
             ... on level 5 of the Realm of Zot.
             The game lasted 02:27:51 (77557 turns).

Delamore the Gargoyle Barricade (Gargoyle Fighter) Turns: 77557, Time: 02:27:52

Health: -3/199     AC: 66    Str: 27    XL:     27
Magic:  8/38       EV: 17    Int: 20    God:    Okawaru [******]
Gold:   7971       SH: 35    Dex:  6    Spells: 42/49 levels left

rFire    + + .     SeeInvis .   W - +9 eveningstar (freeze)
rCold    + + +     Gourm    .   R - +8 tower shield {reflect}
rNeg     + + +     Faith    .   m - +15 crystal plate armour "Wippoi" {+Blink Str+2 Int-3 Slay+5}
rPois    ∞         Spirit   .   N - -2 hat of the Alchemist {rElec rPois rF+ rC+ rN+ MR+ rMut rCorr}
rElec    +         Reflect  +   a - +2 cloak {rCorr}
rCorr    +         Harm     .   S - +0 pair of gloves of Charity {rF- rN++ Slay+5}
rMut     +                      y - +2 pair of boots {run}
MR       +++..                  b - amulet "Nuamnohups" {RegenMP rF++ Str-3 Int+7}
Stlth    ..........             e - ring of the Meadowlark {rC++ rN+ EV+4 Int+2 Dex-3}
HPRegen  0.43/turn              i - ring "Ylenod" {rPois EV+4 Dex+2}
MPRegen  0.51/turn

@: mighty, silence, quick
A: big wings, talons 1, clumsy 1, negative energy resistance 1, electricity
resistance, unbreathing, petrification resistance, rot immunity, MP-powered
wands, AC +20
}: 3/15 runes: decaying, silver, gossamer
a: Fly, Renounce Religion, Evoke Blink


You were on level 5 of the Realm of Zot.
You worshipped Okawaru.
Okawaru was exalted by your worship.
You were hungry.

You visited 10 branches of the dungeon, and saw 50 of its levels.
You visited the Abyss 1 time.
You also visited: Trove, Gauntlet, Ice Cave and Wizlab.

You collected 8571 gold pieces.
You spent 600 gold pieces at shops.

Inventory:

Hand Weapons
 D - the +5 demon whip "Spellbinder" {antimagic, MR+}
   (Okawaru gifted it to you in a Gauntlet)

   It reduces the magical energy of the wielder, and disrupts the spells and
   magical abilities of those hit.
   Natural abilities and divine invocations are not affected.
   It affects your resistance to hostile enchantments.
 W - a +9 eveningstar of freezing (weapon)
Armour
 a - a +2 cloak of preservation (worn)
 m - the +15 crystal plate armour "Wippoi" (worn) {+Blink Str+2 Int-3 Slay+5}
   (Okawaru gifted it to you on level 2 of the Vaults)

   It affects your strength (+2).
   It affects your intelligence (-3).
   It affects your accuracy and damage with ranged weapons and melee attacks
   (+5).
   It lets you blink.
 y - a +2 pair of boots of running (worn)
 N - the -2 hat of the Alchemist (worn) {rElec rPois rF+ rC+ rN+ MR+ rMut rCorr}
   (You found it in a Gauntlet)

   It protects you from fire.
   It protects you from cold.
   It insulates you from electricity.
   It protects you from poison.
   It protects you from negative energy.
   It affects your resistance to hostile enchantments.
   It provides partial protection from all sources of acid and corrosion.
   It protects you from mutation.
 R - a +8 tower shield of reflection (worn)
 S - the +0 pair of gloves of Charity (worn) {rF- rN++ Slay+5}
   (Okawaru gifted it to you on level 3 of the Lair of Beasts)

   It affects your accuracy and damage with ranged weapons and melee attacks
   (+5).
   It makes you vulnerable to fire.
   It greatly protects you from negative energy.
Jewellery
 b - the amulet "Nuamnohups" (around neck) {RegenMP rF++ Str-3 Int+7}
   (You found it in a treasure trove)

   [amulet of magic regeneration]

   It increases your magic regeneration.
   It affects your strength (-3).
   It affects your intelligence (+7).
   It greatly protects you from fire.
 e - the ring of the Meadowlark (left hand) {rC++ rN+ EV+4 Int+2 Dex-3}
   (You found it in a treasure trove)

   [ring of evasion]

   It affects your evasion (+4).
   It affects your intelligence (+2).
   It affects your dexterity (-3).
   It greatly protects you from cold.
   It protects you from negative energy.
 i - the ring "Ylenod" (right hand) {rPois EV+4 Dex+2}
   (You found it in a treasure trove)

   [ring of evasion]

   It affects your evasion (+4).
   It affects your dexterity (+2).
   It protects you from poison.
 P - the ring "Vamnial" {rPois rC+ rN+ MR++ Str-5}
   (You found it in a treasure trove)

   [ring of positive energy]

   It affects your strength (-5).
   It protects you from cold.
   It protects you from poison.
   It protects you from negative energy.
   It affects your resistance to hostile enchantments.
 U - an uncursed ring of protection from fire
 Y - the amulet "Waoricim" {rC+ Regen+ Str+3 SInv}
   (You found it in a treasure trove)

   [amulet of regeneration]

   It affects your strength (+3).
   It protects you from cold.
   It lets you see invisible.
   It increases your rate of regeneration.
Wands
 n - a wand of acid (11)
 q - a wand of iceblast (54)
 r - a wand of paralysis (4)
 w - a wand of disintegration (21)
 B - a wand of flame (111)
 K - a wand of polymorph (87)
 Q - a wand of clouds (10)
 X - a wand of digging (25)
Scrolls
 c - 6 scrolls of identify
 g - 3 scrolls of blinking
 h - 3 scrolls of magic mapping
 p - 12 scrolls of teleportation
 s - 6 scrolls of fog
 t - 2 scrolls of silence
 u - a scroll of summoning
 v - 28 scrolls of remove curse
 x - 4 scrolls of holy word
 G - a scroll of enchant weapon
 H - a scroll of brand weapon
 Z - 3 scrolls of fear
Potions
 d - 2 potions of might
 j - 7 potions of cancellation
 k - a potion of resistance
 l - 15 potions of curing
 A - 6 potions of haste
 J - 6 potions of mutation
 T - 6 potions of berserk rage
Miscellaneous
 o - the horn of Geryon
 E - a lightning rod (4/4)
 M - 5 phantom mirrors
Comestibles
 f - 80 rations
 z - 2 chunks of flesh


   Skills:
 O Level 27 Fighting
 - Level 20.5 Maces & Flails
 + Level 15.2 Armour
 + Level 11.6 Dodging
 O Level 27 Shields
 - Level 11.7 Spellcasting
 - Level 13.9 Translocations
 + Level 18.2 Invocations


You had 42 spell levels left.
You knew the following spells:

 Your Spells              Type           Power        Failure   Level  Hunger
a - Lesser Beckoning      Tloc           ######....   1%          3    None
b - Blink                 Tloc           N/A          1%          2    None
c - Shroud of Golubria    Chrm/Tloc      #####.       11%         2    None

Your spell library contained the following spells:

 Spells                   Type           Power        Failure   Level  Hunger
 Apportation              Tloc           ######       1%          1    None
 Gell's Gravitas          Tloc           ######....   1%          3    None
 Teleport Other           Tloc           ######..     1%          3    None
 Passage of Golubria      Tloc           N/A          3%          4    #......
 Recall                   Summ/Tloc      N/A          21%         3    None
 Iskenderun's Mystic Bla  Conj/Tloc      #####...     56%         4    #......
 Animate Skeleton         Necr           N/A          75%         1    None
 Beastly Appendage        Tmut           ##....       75%         1    None
 Corona                   Hex            ##.....      75%         1    None
 Foxfire                  Conj/Fire      ##..         75%         1    None
 Freeze                   Ice            ##..         75%         1    None
 Infusion                 Chrm           ##..         75%         1    None
 Magic Dart               Conj           ##..         75%         1    None
 Pain                     Necr           ##..         75%         1    None
 Summon Butterflies       Summ           ##......     75%         1    None
 Summon Small Mammal      Summ           ##..         75%         1    None
 Call Imp                 Summ           ##......     87%         2    None
 Corpse Rot               Necr/Air       N/A          87%         2    None
 Ensorcelled Hibernation  Hex/Ice        ##....       87%         2    None
 Passwall                 Tmut/Erth      ##......     87%         2    None
 Poisonous Vapours        Pois/Air       ##....       87%         2    None
 Searing Ray              Conj           ##....       87%         2    None
 Sticks to Snakes         Tmut           ##......     87%         2    None
 Swiftness                Chrm/Air       ##......     87%         2    None
 Call Canine Familiar     Summ           ##......     98%         3    None
 Confusing Touch          Hex            ##......     98%         3    None
 Conjure Flame            Conj/Fire      ##......     98%         3    None
 Dazzling Flash           Conj/Hex       ##....       98%         3    None
 Frozen Ramparts          Ice            ##....       98%         3    None
 Inner Flame              Hex/Fire       ##......     98%         3    None
 Mephitic Cloud           Conj/Pois/Air  ##......     98%         3    None
 Ozocubu's Armour         Chrm/Ice       ##......     98%         3    None
 Spider Form              Tmut/Pois      ##........   98%         3    None
 Static Discharge         Conj/Air       ##......     98%         3    None
 Summon Guardian Golem    Hex/Summ       ##......     98%         3    None
 Tukima's Dance           Hex            ##......     98%         3    None
 Cause Fear               Hex            ##........   100%        4    #......
 Dispel Undead            Necr           ##......     100%        4    #......
 Fulminant Prism          Conj/Hex       ##........   100%        4    #......
 Hailstorm                Conj/Ice       ##......     100%        4    #......
 Ice Form                 Ice/Tmut       ##......     100%        4    #......
 Sticky Flame             Conj/Fire      ##......     100%        4    #......
 Summon Ice Beast         Ice/Summ       ##......     100%        4    #......
 Summon Lightning Spire   Summ/Air       ##......     100%        4    #......
 Agony                    Necr           ##......     100%        5    ####...
 Blade Hands              Tmut           ##........   100%        5    ####...
 Bolt of Magma            Conj/Fire/Erth ##........   100%        5    ####...
 Excruciating Wounds      Chrm/Necr      ##........   100%        5    ####...
 Fireball                 Conj/Fire      ##........   100%        5    ####...
 Iskenderun's Battlesphe  Conj/Chrm      ##......     100%        5    ####...
 Lee's Rapid Deconstruct  Erth           ##........   100%        5    ####...
 Lightning Bolt           Conj/Air       ##........   100%        5    ####...
 Metabolic Englaciation   Hex/Ice        ##........   100%        5    ####...
 Silence                  Hex/Air        ##........   100%        5    ####...
 Summon Mana Viper        Hex/Summ       ##......     100%        5    ####...
 Yara's Violent Unravell  Hex/Tmut       ##........   100%        5    ####...
 Conjure Ball Lightning   Conj/Air       ##........   100%        6    ######.
 Darkness                 Hex            ##........   100%        6    ######.
 Eringya's Noxious Bog    Tmut/Pois      ##........   100%        6    ######.
 Freezing Cloud           Conj/Ice/Air   ##........   100%        6    ######.
 Invisibility             Hex            ##......     100%        6    ######.
 Ozocubu's Refrigeration  Ice            ##........   100%        6    ######.
 Simulacrum               Ice/Necr       ##........   100%        6    ######.
 Dragon Form              Tmut           ##........   100%        7    #######
 Malign Gateway           Summ/Tloc      #####.....   100%        7    #######
 Monstrous Menagerie      Summ           ##........   100%        7    #######
 Ring of Flames           Chrm/Fire      ##........   100%        7    #######
 Summon Greater Demon     Summ           ##........   100%        7    #######
 Summon Hydra             Summ           ##........   100%        7    #######
 Discord                  Hex            ##........   100%        8    #######
 Ignition                 Fire           ##........   100%        8    #######
 Lehudib's Crystal Spear  Conj/Erth      ##........   100%        8    #######
 Summon Horrible Things   Summ           ##........   100%        8    #######
 Dragon's Call            Summ           ##........   100%        9    #######
 Shatter                  Erth           ##........   100%        9    #######
 Tornado                  Air            ##........   100%        9    #######
 Sublimation of Blood     Necr           Unusable     N/A         2    N/A

Dungeon Overview and Level Annotations

Branches:
Dungeon (15/15)            Temple (0/1) D:7            Lair (6/6) D:9
  Swamp (4/4) Lair:4       Spider (4/4) Lair:2        Slime (0/5) Lair:6
    Orc (2/2) D:10            Elf (3/3) Orc:2        Vaults (5/5) D:14
  Crypt (0/3) Vaults:2     Depths (5/5) D:15           Hell (visited)
    Zot (5/5) Depths:5      IceCv (visited)          WizLab (visited)
Gauntlet (visited)
    Dis: Hell:1         Geh: Hell:1         Coc: Hell:1         Tar: Hell:1

Altars:
Dithmenos
Hepliaklqana
Kikubaaqudgha
Makhleb
Okawaru
Qazlal
Trog
Zin
Beogh
Jiyva
Lugonu

Shops:
D:10 [(   D:14 *   Orc:1 :   Orc:2 *[(?   Vaults:3 }   Depths:2 }==
Depths:5 ?[!

Portals:
Hell: Depths:1 Depths:2 Depths:3 Depths:4 Depths:5
Abyss: Depths:3 Depths:4
Pandemonium: Depths:3
Ziggurat: Depths:5

Annotations:
D:7 Gastronok
Spider:4 Roxanne
Hell exclusion: ice statue
Zot:5 1 exclusion


Innate Abilities, Weirdness & Mutations

You are resistant to torment.
Your stone body is resilient. (AC +20)
You are immune to poison.
Your large and strong wings let you fly indefinitely.
You resist negative energy. (rN+)
You are resistant to electric shocks. (rElec)
You can survive without breathing.
You are immune to petrification.
You are immune to rotting.
You have sharp toenails.
You are clumsy. (Dex -2)
You expend magic power (3 MP) to strengthen your wands.


Message History

A profound silence engulfs you. You block the Orb Guardian's attack. x2
The Orb Guardian hits you but does no damage.
You block the quicksilver dragon's attack.
The quicksilver dragon misses you.
The Orb Guardian hits you but does no damage.
The shadow dragon bites you but does no damage.
The shadow dragon barely misses you.
The shadow dragon claws you but does no damage.
The red draconian hits you but does no damage.
Your moth of wrath bites the yellow draconian!
Your moth of wrath closely misses the red draconian.
Your ghost moth stares at the Orb Guardian.
Your ghost moth hits the Orb Guardian but does no damage.
Your ghost moth hits the Orb Guardian!
Your ghost moth stings the Orb Guardian.
You block the Orb Guardian's attack.
The yellow draconian closely misses you.
The yellow draconian hits your moth of wrath with a +0 battleaxe!!
The Orb Guardian hits you.
You die...

..............
#.)).............
##*.L.)..........
§§§........^.....
▓▓▓▓▓▓▓▓▓##.....▓▓
.....:^^...▓▓
..§.....yqdd▓▓
.........dXDq▓▓
........qX@Dd.▓
........§XdXq.▓
....^....y1.y▓▓
............▓▓
!..........▓▓
............▓
.............▓
..............▓
....^.........▓


You could see a Hell Sentinel, a shadow dragon, a yellow draconian (catching
breath), a purple draconian, a red draconian (slow), a black draconian shifter,
a quicksilver dragon, 4 Orb Guardians, a yellow draconian annihilator, a
friendly black draconian monk (summoned), a friendly purple draconian
(summoned), a friendly red draconian (summoned), a friendly black draconian
stormcaller (summoned), a friendly ghost moth (summoned, invisible) and 2
friendly moths of wrath.

Vanquished Creatures
  6 ancient liches
  4 orbs of fire
  Mara (Depths:4)
  Sojobo (Depths:4)
  A juggernaut (Depths:5)
  Boris (thrice) (Vaults:2 Vaults:4 Depths:3)
  The ghost of Quothretz the Fencer, a veteran BaIE of Cheibriados (Depths:2)
  the Lernaean hydra (Swamp:3)
  Margery (Vaults:4)
  Geryon (Hell)
  2 caustic shrikes
  3 curse toes
  11 golden dragons
  Nikola (Swamp:2)
  Arachne (Spider:3)
  2 bone dragons
  A Tzitzimitl (Depths:4)
  An electric golem (Zot:1)
  An iron giant (Zot:5)
  3 liches
  10 Orb Guardians (Zot:5)
  An Ice Fiend (Zot:2)
  25 tentacled monstrosities
  4 titans (Vaults:5)
  15 quicksilver dragons
  A moon troll (WizLab)
  2 deep elf master archers (Elf:3)
  5 deep elf blademasters
  6 sphinxes
  12 tentacled starspawn
  16 death cobs
  A thorn hunter (Swamp:3)
  12 storm dragons
  Donald (Swamp:2)
  10 tengu reavers
  25 shadow dragons
  11 fire giants
  8 deep elf sorcerers
  4 ghost moths
  11 draconian monks
  An orc warlord (Orc:1)
  6 frost giants
  5 emperor scorpions
  4 draconian knights
  12 vault wardens
  An angel (Abyss:1)
  A cacodemon (WizLab)
  4 draconian shifters
  8 draconian scorchers
  6 iron dragons
  2 juggernaut zombies
  10 deep elf elementalists
  5 draconian stormcallers
  A reaper (Hell)
  A spectral juggernaut (Depths:2)
  4 spriggan defenders
  A juggernaut skeleton (Depths:5)
  9 ironheart preservers
  2 war gargoyles (Vaults:5)
  3 draconian annihilators
  Aizul (Swamp:4)
  15 very ugly things
  14 green draconians
  4 entropy weavers
  6 deep elf demonologists
  7 vampire knights
  23 stone giants
  15 spark wasps
  9 black draconians
  2 dire elephants (Lair:6)
  A minotaur (Gauntlet)
  2 spectral titans (Depths:2)
  12 deep elf annihilators
  11 yellow draconians
  17 purple draconians
  7 red draconians
  8 white draconians
  9 ettins
  An ettin (shapeshifter) (D:14)
  8 deep elf death magi
  A crystal guardian (Vaults:4)
  23 yaktaur captains
  2 blizzard demons (Hell)
  17 fire dragons
  2 jiangshi (Depths:4)
  8 rakshasas
  6 deep elf high priests
  23 hydras
  34 vault guards
  12 ice dragons
  Erica (D:8)
  A merfolk avatar (Lair:6)
  13 great orbs of eyes
  2 juggernaut simulacra (Depths:2)
  Harold (D:8)
  8 spriggan air magi
  A hell beast (Depths:1)
  12 centaur warriors
  4 death knights
  28 dancing weapons
  7 alligators
  51 two-headed ogres
  A catoblepas (Lair:4)
  7 small abominations
  A spectral stone giant (Depths:2)
  9 deep troll earth magi
  5 tengu warriors
  16 ogre magi
  11 deep troll shamans
  Urug (Lair:2)
  2 thrashing horrors (Abyss:1)
  A death yak (IceCv)
  5 vampire magi
  8 death scarabs (Spider:4)
  3 orc high priests
  11 spriggan berserkers
  2 iron golems (Hell)
  Sonja (Lair:6)
  2 sun demons
  The ghost of Shaidar the Cleaver, a novice MiBe of Trog (D:8)
  20 deep elf knights
  5 soul eaters
  A wretched star (Abyss:1)
  3 shadow wraiths
  A spectral emperor scorpion (Spider:4)
  A fire crab (shapeshifter) (D:15)
  21 skeletal warriors
  3 hell knights (Vaults:4)
  5 iron trolls
  18 deep trolls
  A spatial maelstrom (Abyss:1)
  A death drake (shapeshifter) (Vaults:3)
  6 unseen horrors
  A spriggan druid (Swamp:3)
  3 shadow demons (Depths:4)
  2 flayed ghosts
  6 wizards
  9 swamp dragons
  16 deep elf archers
  Pikel (D:6)
  12 glowing orange brains
  16 ironbrand convokers
  An orange crystal statue (WizLab)
  3 spectral wolf spiders (Spider:4)
  5 harpies (Vaults:2)
  2 stone giant zombies (Depths:2)
  A wolf spider zombie (Spider:4)
  12 orc knights
  8 necromancers
  2 phantasmal warriors (Vaults:5)
  23 orb spiders
  71 deep elf magi
  10 large abominations
  A mana viper (shapeshifter) (Depths:2)
  30 wolf spiders
  70 ugly things
  2 orc sorcerers
  A salamander (Depths:4)
  6 cyclopes
  27 moths of wrath
  A wolf spider (shapeshifter) (Vaults:5)
  A cyclops (shapeshifter) (Depths:5)
  An elephant (shapeshifter) (Vaults:5)
  2 manticores
  Maurice (D:8)
  A manticore (shapeshifter) (Vaults:5)
  An apocalypse crab (Abyss:1)
  A worldbinder (Abyss:1)
  6 rust devils
  2 black mambas
  8 vault sentinels
  An ice statue (IceCv)
  2 titan simulacra (Depths:2)
  3 eyes of devastation (WizLab)
  A spiny frog (shapeshifter) (Vaults:2)
  A black mamba (shapeshifter) (Vaults:3)
  An eye of devastation (shapeshifter) (Elf:2)
  A smoke demon (Hell)
  2 gargoyles (D:14)
  24 spiny frogs
  3 spectral redbacks (Spider:4)
  77 yaktaurs
  8 freezing wraiths
  5 rime drakes
  2 efreet
  15 demonic crawlers
  9 komodo dragons
  An elf skeleton (Depths:5)
  An ice devil (Hell)
  A redback zombie (Spider:4)
  34 jumping spiders
  A queen bee (D:12)
  2 tengu conjurers (Depths:3)
  3 meliai (D:12)
  A merfolk (shapeshifter) (Depths:2)
  22 polar bears
  2 hornets (shapeshifter)
  8 trolls
  A polar bear (shapeshifter) (Depths:2)
  22 hornets
  Grinder (D:5)
  14 bog bodies
  2 hydra skeletons (Hell)
  2 spectral tarantellas (Spider:4)
  4 spectral jumping spiders (Spider:4)
  12 tyrant leeches
  41 slime creatures
  4 raiju (Abyss:1)
  10 blink frogs
  A tengu simulacrum (Vaults:2)
  6 dream sheep (Lair:6)
  A fire giant simulacrum (Abyss:1)
  2 tarantella zombies (Spider:4)
  8 hippogriffs
  A stone giant simulacrum (Depths:2)
  A hippogriff (shapeshifter) (Vaults:3)
  13 shadows
  69 redbacks
  2 redbacks (shapeshifter)
  11 water elementals
  An alligator skeleton (Abyss:1)
  9 flying skulls (Gauntlet)
  A tarantella (shapeshifter) (D:15)
  An air elemental (Elf:1)
  4 wyverns
  10 spriggans
  33 tarantellas
  A fire elemental (Hell)
  48 yaks
  A vampire (D:9)
  2 basilisks
  A steam dragon (D:9)
  6 golden eyes (WizLab)
  A steam dragon (shapeshifter) (Vaults:2)
  5 wraiths
  2 chaos spawn (Depths:4)
  33 vampire mosquitoes
  A neqoxec (WizLab)
  2 hungry ghosts
  A swamp worm (shapeshifter) (Vaults:5)
  14 swamp worms
  19 insubstantial wisps
  5 wargs
  2 acid dragons (Vaults:2)
  A naga (shapeshifter) (Vaults:5)
  A soldier ant (D:13)
  A hornet zombie (Spider:4)
  3 floating eyes
  16 water moccasins
  6 porcupines
  15 swamp drakes
  3 elf zombies
  5 ice beasts
  52 orc warriors
  An eye of draining (D:10)
  An ice dragon simulacrum (Abyss:1)
  7 sky beasts
  2 black bears (D:10)
  A phantom (D:11)
  3 spectral hornets (Spider:4)
  A black bear (shapeshifter) (Vaults:4)
  6 boggarts
  19 wolves
  17 centaurs
  52 ogres
  An ogre (shapeshifter) (D:14)
  10 crocodiles
  An orc skeleton (Vaults:1)
  A big kobold (D:11)
  2 earth elementals
  22 bullfrogs
  2 gnoll sergeants
  A wyvern zombie (D:10)
  A wyvern skeleton (D:8)
  A water moccasin skeleton (D:10)
  7 scorpions
  30 killer bees
  An orc simulacrum (Vaults:2)
  A human simulacrum (Vaults:1)
  6 wights
  4 electric eels (D:9)
  4 howler monkeys
  6 crimson imps
  A centaur zombie (D:8)
  28 starcursed masses (WizLab)
  3 bullfrog zombies
  12 hounds
  2 quasits
  4 jellies
  31 orc wizards
  23 orc priests
  4 iguanas
  7 worker ants
  A killer bee zombie (D:5)
  A hound skeleton (D:4)
  2 worker ant zombies (D:6)
  18 gnolls
  18 adders
  3 shadow imps
  13 white imps
  2 oozes
  2 worms
  An adder skeleton (D:9)
  2 adder zombies
  3 dart slugs
  A leopard gecko (D:8)
  131 orcs
  3 ball pythons
  11 bats
  10 giant cockroaches
  6 goblins
  5 hobgoblins
  10 jackals
  A quokka (D:4)
  5 frilled lizards
  A jackal skeleton (D:4)
  19 kobolds
  A leopard gecko zombie (D:8)
  7 rats
  9 starspawn tentacles
2657 creatures vanquished.

Vanquished Creatures (collateral kills)
  A shadow dragon (Vaults:5)
  An iron dragon (Vaults:4)
  A great orb of eyes (WizLab)
  A hydra (Swamp:4)
  An ogre mage (Vaults:1)
  A two-headed ogre (Vaults:4)
  A swamp dragon (Swamp:4)
  A deep elf mage (D:14)
  An insubstantial wisp (Swamp:3)
  An ogre (Vaults:1)
10 creatures vanquished.

Vanquished Creatures (others)
  A sphinx (Vaults:5)
  An ironheart preserver (Vaults:3)
  A red draconian (Zot:1)
  An ogre mage (Vaults:2)
  A deep troll earth mage (Vaults:4)
  A spiny frog (Swamp:2)
  A tyrant leech (Swamp:4)
  A redback (Spider:4)
  A vampire mosquito (Swamp:2)
  An acid dragon (D:14)
  An ogre (Vaults:2)
  A boggart (Vaults:3)
  2 adders (D:9)
  13 fungi
  31 plants
  24 starspawn tentacles
  17 withered plants (Gauntlet)
99 creatures vanquished.

Grand Total: 2766 creatures vanquished

Notes
Turn   | Place    | Note
-------+----------+-------------------------------------------
     0 | D:1      | Delamore the Gargoyle Fighter began the quest for the Orb.
     0 | D:1      | Reached XP level 1. HP: 14/14 MP: 1/1
    54 | D:1      | Reached XP level 2. HP: 16/19 MP: 2/2
   905 | D:1      | Reached XP level 3. HP: 14/23 MP: 3/3
  1446 | D:2      | Found an iron altar of Okawaru.
  1447 | D:2      | Found a glowing silver altar of Zin.
  1455 | D:2      | Became a worshipper of Warmaster Okawaru
  1833 | D:3      | Reached XP level 4. HP: 28/28 MP: 4/4
  1895 | D:3      | Reached skill level 5 in Maces & Flails
  1895 | D:3      | Reached XP level 5. HP: 10/32 MP: 5/5
  2615 | D:4      | Noticed an ogre
  2624 | D:4      | Reached XP level 6. HP: 36/37 MP: 6/6
  2678 | D:4      | Reached * piety under Okawaru
  3339 | D:4      | Reached XP level 7. HP: 33/41 MP: 7/7
  3528 | D:4      | Noticed a yak
  3636 | D:4      | Killed a yak
  3636 | D:4      | Reached ** piety under Okawaru
  3923 | D:4      | Found a burning altar of Makhleb.
  4011 | D:5      | Entered Level 5 of the Dungeon
  4096 | D:5      | Reached XP level 8. HP: 46/46 MP: 8/8
  4198 | D:5      | Noticed Grinder
  4200 | D:5      | Paralysed by Grinder for 2 turns
  4232 | D:5      | Killed Grinder
  4232 | D:5      | Reached skill level 10 in Maces & Flails
  4274 | D:5      | Reached *** piety under Okawaru
  4730 | D:5      | Found an ancient bone altar of Kikubaaqudgha.
  5732 | D:5      | Reached XP level 9. HP: 22/51 MP: 9/9
  6627 | D:7      | Noticed Pikel
  6773 | D:6      | Killed Pikel
  6773 | D:6      | Reached **** piety under Okawaru
  6889 | D:7      | Found a staircase to the Ecumenical Temple.
  7188 | D:8      | Reached XP level 10. HP: 56/56 MP: 10/10
  7341 | D:8      | Found a runed translucent door.
  7342 | D:8      | Noticed Shaidar's ghost (novice MiBe)
  7364 | D:8      | Noticed Gastronok
  8115 | D:8      | Noticed Harold
  8125 | D:8      | Killed Harold
  8125 | D:8      | Reached ***** piety under Okawaru
  8125 | D:8      | Reached skill level 5 in Fighting
  8125 | D:8      | Reached skill level 5 in Shields
  8203 | D:8      | Noticed Maurice
  8225 | D:8      | Killed Maurice
  8322 | D:8      | Found a shadowy altar of Dithmenos.
  8322 | D:8      | Noticed Erica
  8611 | D:8      | Killed Erica
  8989 | D:8      | Killed Shaidar's ghost
  9065 | D:9      | Noticed a deep elf mage
  9067 | D:9      | Noticed an orange demon
  9068 | D:9      | Noticed a smoke demon
  9279 | D:9      | Found a hazy altar of Hepliaklqana.
  9350 | D:9      | Reached XP level 11. HP: 68/68 MP: 11/11
  9534 | D:9      | Found a staircase to the Lair.
 10237 | D:9      | Killed a deep elf mage
 10688 | Lair:1   | Entered Level 1 of the Lair of Beasts
 10733 | Lair:1   | Noticed an eight-headed hydra
 10923 | Lair:1   | Reached ****** piety under Okawaru
 10988 | Lair:1   | Received a gift from Okawaru
 11128 | Lair:1   | Found a frozen archway.
 11174 | IceCv    | Entered an ice cave
 11268 | IceCv    | Reached skill level 10 in Fighting
 11268 | IceCv    | Reached skill level 10 in Shields
 11550 | IceCv    | Reached XP level 12. HP: 44/79 MP: 12/12
 12293 | IceCv    | Noticed a death yak
 12320 | IceCv    | Killed a death yak
 12320 | IceCv    | Received a gift from Okawaru
 12414 | IceCv    | Noticed a frost giant
 12438 | IceCv    | Killed a frost giant
 13152 | Lair:1   | Killed an eight-headed hydra
 13937 | Lair:2   | Noticed Urug
 13954 | Lair:2   | Killed Urug
 13957 | Lair:2   | Reached XP level 13. HP: 51/87 MP: 13/13
 14177 | Lair:2   | Found a hole to the Spider Nest.
 14934 | Lair:3   | Received a gift from Okawaru
 14935 | Lair:3   | Got a pair of ancient gloves {god gift}
 14956 | Lair:3   | Identified the +0 pair of gloves of Charity {rF- rN++
                  | Slay+5} (Okawaru gifted it to you on level 3 of the Lair of
                  | Beasts)
 16848 | Lair:4   | Found a staircase to the Swamp.
 16972 | Lair:5   | Found a stormy altar of Qazlal.
 16992 | Lair:5   | Found a gate leading to a gauntlet.
 17001 | Gauntlet | Entered a Gauntlet
 17001 | Gauntlet | Found a transporter.
 17004 | Gauntlet | Found a transporter.
 17006 | Gauntlet | Found a transporter.
 17006 | Gauntlet | Found a transporter.
 17009 | Gauntlet | Found a transporter.
 17010 | Gauntlet | Found a transporter.
 17024 | Gauntlet | Found the -2 hat of the Alchemist {rElec rPois rF+ rC+ rN+
                  | MR+ rMut rCorr}
 17024 | Gauntlet | Noticed a great orb of eyes
 17031 | Gauntlet | Found a transporter.
 17032 | Gauntlet | Found a transporter.
 17061 | Gauntlet | Found a transporter.
 17075 | Gauntlet | Found a transporter.
 17079 | Gauntlet | Found a transporter.
 17092 | Gauntlet | Found a transporter.
 17145 | Gauntlet | Received a gift from Okawaru
 17146 | Gauntlet | Found the +5 demon whip "Spellbinder" {antimagic, MR+}
 17153 | Gauntlet | Killed a great orb of eyes
 17191 | Gauntlet | Reached skill level 5 in Invocations
 17191 | Gauntlet | Gained mutation: Your large and strong wings let you fly
                  | indefinitely. [Gargoyle growth]
 17191 | Gauntlet | Reached XP level 14. HP: 96/96 MP: 4/17
 17248 | Gauntlet | Got a crude turquoise ring
 17311 | Gauntlet | Identified the ring "Jikeppah" {Dex+2 Stlth+} (You found it
                  | in a Gauntlet)
 17912 | Lair:5   | Got a twisted ring mail
 17923 | Lair:5   | Identified the +3 ring mail of Ojoam {MP+9 Int+6} (You
                  | found it on level 5 of the Lair of Beasts)
 18191 | Lair:6   | Entered Level 6 of the Lair of Beasts
 18194 | Lair:6   | Reached XP level 15. HP: 101/101 MP: 6/18
 18232 | Lair:6   | Reached skill level 15 in Shields
 18321 | Lair:6   | Noticed Sonja
 18333 | Lair:6   | Killed Sonja
 18334 | Lair:6   | Found a runed translucent door.
 18435 | Lair:6   | Found a viscous altar of Jiyva.
 18450 | Lair:6   | Found a staircase to the Slime Pits.
 18524 | Lair:6   | Received a gift from Okawaru
 19022 | Lair:6   | Identified the Handbook of Companions and Fire
 19637 | D:10     | Entered Level 10 of the Dungeon
 19743 | D:10     | Found Lodweich's Weapon Emporium.
 19743 | D:10     | Found a staircase to the Orcish Mines.
 19743 | D:10     | Found Vymmajus's Armour Emporium.
 20943 | D:11     | Reached skill level 10 in Armour
 20997 | D:11     | Found an iron altar of Okawaru.
 23062 | Orc:1    | Entered Level 1 of the Orcish Mines
 23107 | Orc:1    | Reached skill level 15 in Fighting
 23352 | Orc:2    | Entered Level 2 of the Orcish Mines
 23457 | Orc:2    | Found a roughly hewn altar of Beogh.
 23465 | Orc:2    | Found Fimudea's Assorted Antiques.
 23657 | Orc:2    | Found a roughly hewn altar of Beogh.
 23714 | Orc:2    | Received a gift from Okawaru
 23821 | Orc:2    | Found a roughly hewn altar of Beogh.
 23844 | Orc:2    | Found a staircase to the Elven Halls.
 23891 | Orc:2    | Found a roughly hewn altar of Beogh.
 23903 | Orc:2    | Found Itumaal's Magic Scroll Boutique.
 23946 | Orc:2    | Found a roughly hewn altar of Beogh.
 24000 | Orc:2    | Found a roughly hewn altar of Beogh.
 24290 | Orc:2    | Noticed an orc warlord
 24410 | Orc:1    | Killed an orc warlord
 24505 | Orc:2    | Found Sedgh's Antique Weapon Emporium.
 24506 | Orc:2    | Found a roughly hewn altar of Beogh.
 24507 | Orc:2    | Found Anem's Antique Armour Shoppe.
 24639 | Orc:2    | Found a roughly hewn altar of Beogh.
 24691 | Orc:2    | Found a roughly hewn altar of Beogh.
 24784 | Orc:1    | Found Nomep's Book Boutique.
 25128 | D:13     | Reached XP level 16. HP: 106/108 MP: 6/19
 25449 | D:13     | Received a gift from Okawaru
 25758 | D:14     | Found a bloodstained altar of Trog.
 25890 | D:14     | Noticed a sphinx
 25905 | D:14     | Killed a sphinx
 26333 | D:14     | Found Jaawkym's General Store.
 26435 | D:14     | Found a gate to the Vaults.
 26539 | D:14     | Received a gift from Okawaru
 26930 | D:15     | Entered Level 15 of the Dungeon
 27554 | D:15     | Found a staircase to the Depths.
 28007 | D:15     | Gained mutation: Your magical capacity is low. (-10% MP)
                  | [potion of mutation]
 28007 | D:15     | Gained mutation: You have sharp fingernails. [potion of
                  | mutation]
 28007 | D:15     | Gained mutation: You are partially covered in icy blue
                  | scales. (AC +2) [potion of mutation]
 28007 | D:15     | Gained mutation: You evolve. [potion of mutation]
 28018 | D:15     | Lost mutation: You evolve. [potion of mutation]
 28018 | D:15     | Lost mutation: You are partially covered in icy blue
                  | scales. (AC +2) [potion of mutation]
 28018 | D:15     | Gained mutation: Your magical capacity is very low. (-20%
                  | MP) [potion of mutation]
 28018 | D:15     | Gained mutation: You have sharp toenails. [potion of
                  | mutation]
 28019 | D:15     | Lost mutation: You have sharp fingernails. [potion of
                  | mutation]
 28019 | D:15     | Lost mutation: You have sharp toenails. [potion of
                  | mutation]
 28019 | D:15     | Lost mutation: Your magical capacity is very low. (-20% MP)
                  | [potion of mutation]
 28019 | D:15     | Lost mutation: Your magical capacity is low. (-10% MP)
                  | [potion of mutation]
 28019 | D:15     | Gained mutation: You have sharp toenails. [potion of
                  | mutation]
 28019 | D:15     | Gained mutation: You expend magic power (3 MP) to
                  | strengthen your wands. [potion of mutation]
 28020 | D:15     | Lost mutation: You expend magic power (3 MP) to strengthen
                  | your wands. [potion of mutation]
 28020 | D:15     | Gained mutation: You expend magic power (3 MP) to
                  | strengthen your wands. [potion of mutation]
 28020 | D:15     | Gained mutation: You evolve. [potion of mutation]
 28249 | Spider:1 | Entered Level 1 of the Spider Nest
 28471 | Spider:1 | Reached XP level 17. HP: 118/118 MP: 6/20
 28822 | Spider:1 | Received a gift from Okawaru
 28824 | Spider:1 | Got a twisted chain mail {god gift}
 28835 | Spider:1 | Identified the +6 chain mail "Pexid" {rF+ Str-4 SInv}
                  | (Okawaru gifted it to you on level 1 of the Spider Nest)
 29688 | Spider:2 | Lost mutation: You evolve. [evolution]
 31300 | Spider:3 | Received a gift from Okawaru
 31862 | Spider:3 | Noticed Arachne
 31878 | Spider:3 | Killed Arachne
 31946 | Spider:3 | Got a pitted platinum ring
 31950 | Spider:3 | Identified the ring "Wemie" {*Contam *Corrode rC+++ Str+6
                  | Stlth+} (You found it on level 3 of the Spider Nest)
 32000 | Spider:3 | Gained mutation: You are clumsy. (Dex -2) [mutagenic glow]
 32452 | Spider:4 | Entered Level 4 of the Spider Nest
 32702 | Spider:4 | Received a gift from Okawaru
 32703 | Spider:4 | Found the +8 whip "Snakebite" {curare, rPois}
 32968 | Spider:4 | Identified Roxanne's Guide on Earth
 32968 | Spider:4 | Noticed Roxanne
 33319 | Spider:4 | Reached XP level 18. HP: 126/128 MP: 7/21
 34561 | Spider:4 | Received a gift from Okawaru
 35085 | Spider:4 | Got a gossamer rune of Zot
 35655 | Swamp:1  | Entered Level 1 of the Swamp
 35842 | Swamp:1  | Reached skill level 1 in Dodging
 36875 | Swamp:2  | Noticed Nikola
 36889 | Swamp:2  | Killed Nikola
 37130 | Swamp:2  | Noticed Donald
 37153 | Swamp:2  | Killed Donald
 37153 | Swamp:2  | Received a gift from Okawaru
 37861 | Swamp:3  | Reached XP level 19. HP: 128/134 MP: 7/22
 38201 | Swamp:3  | Reached skill level 5 in Dodging
 38444 | Swamp:4  | Entered Level 4 of the Swamp
 38748 | Swamp:4  | Noticed Aizul
 38915 | Swamp:4  | Killed Aizul
 38962 | Swamp:4  | Noticed the 27-headed Lernaean hydra
 39013 | Swamp:3  | Killed the 27-headed Lernaean hydra
 39374 | Swamp:4  | Reached skill level 15 in Maces & Flails
 39853 | Swamp:4  | Received a gift from Okawaru
 39906 | Swamp:4  | Got a fine mace {god gift}
 39920 | Swamp:4  | Got a decaying rune of Zot
 40090 | Swamp:4  | Identified a scroll of acquirement
 40095 | Swamp:4  | Identified the +6 mace of the Globe {vorpal, +Rage rElec
                  | Stlth-} (Okawaru gifted it to you on level 4 of the Swamp)
 40342 | Elf:1    | Entered Level 1 of the Elven Halls
 41708 | Elf:2    | Found a runed translucent gate.
 41721 | Elf:2    | Found a runed translucent gate.
 41721 | Elf:2    | Found a runed translucent gate.
 42137 | Elf:2    | Received a gift from Okawaru
 42512 | Elf:3    | Entered Level 3 of the Elven Halls
 42697 | Elf:3    | Reached XP level 20. HP: 140/140 MP: 7/23
 43406 | Elf:3    | Received a gift from Okawaru
 43902 | Elf:3    | Noticed a Tzitzimitl
 43905 | Elf:3    | Noticed a Tzitzimitl
 43908 | Elf:3    | Reached skill level 10 in Dodging
 44240 | Elf:3    | Got a smoking demon whip {god gift}
 44241 | Elf:3    | Identified the +6 demon whip of Doom {elec, rPois MR+}
                  | (Okawaru gifted it to you on level 3 of the Elven Halls)
 44279 | Elf:3    | Received a gift from Okawaru
 44325 | Elf:3    | Noticed a Tzitzimitl
 44376 | Elf:3    | Noticed a Tzitzimitl
 44720 | Elf:3    | Found the +8 mithril axe "Arga" {speed, MR+}
 44721 | Elf:3    | Identified Sif Muna's Catalogue of Slavery
 44779 | Elf:3    | Found the +10 Black Knight's horse barding {ponderous,
                  | rPois rN+}
 44815 | Elf:3    | Identified the Collected Works on Shape Shifting
 44842 | Elf:3    | Learned a level 3 spell: Lesser Beckoning
 44845 | Elf:3    | Learned a level 2 spell: Blink
 44849 | Elf:3    | Learned a level 2 spell: Shroud of Golubria
 44960 | Elf:3    | Reached skill level 1 in Translocations
 45249 | Vaults:1 | Entered Level 1 of the Vaults
 45262 | Vaults:1 | Reached skill level 1 in Spellcasting
 45550 | Vaults:1 | Reached XP level 21. HP: 145/145 MP: 8/24
 45650 | Vaults:1 | Received a gift from Okawaru
 46584 | Vaults:1 | Reached skill level 5 in Translocations
 47363 | Vaults:2 | Received a gift from Okawaru
 47388 | Vaults:2 | Got an ichor-stained crystal plate armour {god gift}
 47400 | Vaults:2 | Identified the +15 crystal plate armour "Wippoi" {+Blink
                  | Str+2 Int-3 Slay+5} (Okawaru gifted it to you on level 2 of
                  | the Vaults)
 47647 | Vaults:2 | Noticed Boris
 47655 | Vaults:2 | Reached skill level 5 in Spellcasting
 47668 | Vaults:2 | Killed Boris
 47731 | Vaults:2 | Found a staircase to the Crypt.
 49452 | Vaults:3 | Received a gift from Okawaru
 49534 | Vaults:3 | Reached skill level 10 in Translocations
 49543 | Vaults:3 | Reached XP level 22. HP: 137/152 MP: 10/32
 49660 | Vaults:3 | You fall into a shaft and drop 1 floor!
 49839 | Vaults:4 | Noticed Boris
 49865 | Vaults:4 | Killed Boris
 50136 | Vaults:4 | Received a gift from Okawaru
 50654 | Vaults:4 | Noticed Margery
 50673 | Vaults:4 | Killed Margery
 50793 | Vaults:4 | Received a gift from Okawaru
 50826 | Vaults:4 | Got a transparent morningstar {god gift}
 50827 | Vaults:4 | Identified the +3 morningstar "Zemuty" {chaos, *Contam
                  | rF+++ MR+ Dex+3} (Okawaru gifted it to you on level 4 of
                  | the Vaults)
 51701 | Vaults:3 | Found Zidoifer's Gadget Shop.
 52490 | Vaults:3 | Received a gift from Okawaru
 52858 | Vaults:3 | Reached XP level 23. HP: 152/156 MP: 12/36
 53029 | Vaults:5 | Entered Level 5 of the Vaults
 53081 | Vaults:4 | Reached skill level 10 in Spellcasting
 53798 | Vaults:5 | Noticed a golden dragon
 53843 | Vaults:4 | Killed a golden dragon
 53859 | Vaults:4 | Received a gift from Okawaru
 54284 | Vaults:5 | Identified the Volume of Boosts
 54356 | Vaults:5 | Identified the ring "Tishrom" {rPois Str-3 Int+4 Dex+6}
 54555 | Vaults:5 | Received a gift from Okawaru
 54987 | Vaults:5 | Reached XP level 24. HP: 150/162 MP: 12/38
 55222 | Vaults:5 | Identified the +1 leather armour of the Land of Plenty {rF+
                  | Dex-3 SInv}
 56165 | Vaults:5 | Received a gift from Okawaru
 56330 | Vaults:5 | Got a silver rune of Zot
 56607 | Depths:1 | Entered Level 1 of the Depths
 57687 | Depths:1 | Found a gateway to Hell.
 58467 | Depths:2 | Noticed a caustic shrike
 58476 | Depths:2 | Killed a caustic shrike
 58576 | Depths:2 | Reached XP level 25. HP: 152/168 MP: 38/38
 58640 | Depths:2 | Found the +2 hat of the Bear Spirit {Spirit, +Rage rN+
                  | MR++}
 58656 | Depths:2 | Received a gift from Okawaru
 59652 | Depths:2 | Found Vozang's Gadget Emporium.
 59652 | Depths:2 | Found Tyraqaha's Jewellery Boutique.
 59653 | Depths:2 | Found Didus's Jewellery Boutique.
 59668 | Depths:2 | Bought a cursed amulet of inaccuracy for 30 gold pieces
 59668 | Depths:2 | Bought a cursed -4 ring of intelligence for 30 gold pieces
 59797 | Depths:2 | Found a runed translucent door.
 59807 | Depths:2 | Identified the cursed +0 ring mail "Zehuna" {+Inv MR+
                  | rCorr} (You found it on level 2 of the Depths)
 59812 | Depths:2 | Noticed Quothretz's ghost (veteran BaIE)
 59857 | Depths:2 | Killed Quothretz's ghost
 59857 | Depths:2 | Received a gift from Okawaru
 60387 | Depths:3 | Noticed Boris
 60424 | Depths:3 | Killed Boris
 60875 | Depths:3 | Found a corrupted altar of Lugonu.
 60875 | Depths:3 | Found a one-way gate to the infinite horrors of the Abyss.
 61887 | Depths:2 | Bought an uncursed ring of see invisible for 225 gold
                  | pieces
 62072 | Depths:3 | Found a one-way gate leading to the halls of Pandemonium.
 62421 | Depths:3 | Voluntarily entered the Abyss.
 62459 | Abyss:1  | Paralysed by you for 2 turns
 62464 | Abyss:1  | Reached XP level 26. HP: 173/173 MP: 38/38
 62467 | Abyss:1  | Paralysed by you for 6 turns
 62558 | Abyss:1  | Received a gift from Okawaru
 62658 | Depths:3 | Escaped the Abyss
 62754 | Depths:4 | Noticed Mara
 62759 | Depths:4 | Noticed Delamore's illusion
 62769 | Depths:4 | Killed Mara
 63019 | Depths:4 | Paralysed by a floating eye for 4 turns
 63377 | Depths:4 | Found a magical portal.
 63461 | WizLab   | Found a transporter.
 63462 | WizLab   | Found the +0 sword of Power
 63538 | WizLab   | Paralysed by accursed screaming for 1 turns
 63735 | WizLab   | Paralysed by accursed screaming for 1 turns
 64127 | WizLab   | Paralysed by accursed screaming for 1 turns
 64409 | WizLab   | Found a transporter.
 64795 | WizLab   | Identified the +1 scale mail of Fydedgh {Dex+4} (You found
                  | it in a wizard's laboratory)
 64923 | WizLab   | Got a fine pewter ring
 64924 | WizLab   | Identified the ring of Jorr {rC+ rCorr} (You found it in a
                  | wizard's laboratory)
 64955 | WizLab   | Identified Lehudib's Tome of Earth and Dislocation
 65188 | Depths:4 | Paralysed by a floating eye for 3 turns
 65273 | Depths:4 | Reached skill level 27 in Shields
 65371 | Depths:4 | Received a gift from Okawaru
 65856 | Depths:4 | Found a shadowy altar of Dithmenos.
 65857 | Depths:4 | Found the +2 cloak of the Thief {+Fog Slay-2 SInv Stlth+}
 65867 | Depths:4 | Identified the ring "Baaliet" {rPois MP+9 Str+4 Stlth+}
 66147 | Depths:4 | Found a bloodstained altar of Trog.
 66284 | Depths:4 | Noticed Sojobo
 66310 | Depths:4 | Killed Sojobo
 66310 | Depths:4 | Reached skill level 10 in Invocations
 66310 | Depths:4 | Reached XP level 27. HP: 120/179 MP: 6/38
 66337 | Depths:4 | Received a gift from Okawaru
 66838 | Depths:5 | Entered Level 5 of the Depths
 67011 | Depths:5 | Paralysed by a floating eye for 3 turns
 67019 | Depths:5 | Paralysed by a floating eye for 4 turns
 67023 | Depths:5 | Paralysed by a floating eye for 2 turns
 67164 | Depths:5 | Paralysed by a floating eye for 3 turns
 67220 | Depths:5 | Received a gift from Okawaru
 67471 | Depths:5 | Noticed a juggernaut
 67479 | Depths:5 | Killed a juggernaut
 67479 | Depths:5 | Received a gift from Okawaru
 67726 | Depths:5 | Identified the +4 mace of Domination {freeze, rElec rF+
                  | Str-2 SInv} (Okawaru gifted it to you on level 5 of the
                  | Depths)
 67814 | Depths:5 | Found a portal to a secret trove of treasure.
 67830 | Depths:5 | Found Taenien's Magic Scroll Boutique.
 67890 | Depths:5 | Reached skill level 15 in Invocations
 68073 | Depths:5 | Noticed an ancient lich
 68090 | Depths:5 | Killed an ancient lich
 68516 | Depths:5 | Identified the Guide on Evil Rituals
 68626 | Depths:5 | Found a gateway to a ziggurat.
 68693 | Depths:5 | Found Narghim's Armour Shop.
 68695 | Depths:5 | Found Idiryagh's Distillery.
 68703 | Depths:5 | Bought a potion of heal wounds for 105 gold pieces
 68703 | Depths:5 | Bought a potion of heal wounds for 105 gold pieces
 68703 | Depths:5 | Bought a potion of heal wounds for 105 gold pieces
 68916 | Depths:5 | Found a gate to the Realm of Zot.
 69042 | Depths:5 | You paid a toll of 7 scrolls of blinking to enter a
                  | treasure trove
 69043 | Trove    | Entered a treasure trove
 69053 | Trove    | Got a coiled copper ring
 69055 | Trove    | Got a flickering brass amulet
 69059 | Trove    | Got a flickering copper ring
 69061 | Trove    | Got a bound graven amulet
 69063 | Trove    | Got a sparkling copper ring
 69066 | Trove    | Got a warped bronze amulet
 69075 | Trove    | Identified the amulet of Aleoc {RegenMP Stlth+} (You found
                  | it in a treasure trove)
 69077 | Trove    | Identified the ring "Ylenod" {rPois EV+4 Dex+2} (You found
                  | it in a treasure trove)
 69078 | Trove    | Identified the ring of Tucoko {rElec rN+ Dex+3 Stlth-} (You
                  | found it in a treasure trove)
 69079 | Trove    | Identified the ring "Vamnial" {rPois rC+ rN+ MR++ Str-5}
                  | (You found it in a treasure trove)
 69080 | Trove    | Identified the amulet of the Good {Spirit rPois} (You found
                  | it in a treasure trove)
 69081 | Trove    | Identified the amulet "Waoricim" {rC+ Regen+ Str+3 SInv}
                  | (You found it in a treasure trove)
 69090 | Trove    | Got a twitching tin amulet
 69092 | Trove    | Got a coiled silver ring
 69095 | Trove    | Got a clouded bronze ring
 69100 | Trove    | Identified the ring "Varof" {+Inv rC+ SInv Stlth+} (You
                  | found it in a treasure trove)
 69101 | Trove    | Identified the amulet "Nuamnohups" {RegenMP rF++ Str-3
                  | Int+7} (You found it in a treasure trove)
 69102 | Trove    | Identified the ring of the Meadowlark {rC++ rN+ EV+4 Int+2
                  | Dex-3} (You found it in a treasure trove)
 69199 | Zot:1    | Entered Level 1 of the Realm of Zot
 69212 | Zot:1    | Got a slimy lapis lazuli ring
 69213 | Zot:1    | Identified the ring "Kaenet" {rPois rC+ Str+4} (You found
                  | it on level 1 of the Realm of Zot)
 69632 | Zot:1    | Received a gift from Okawaru
 71824 | Zot:2    | Received a gift from Okawaru
 71843 | Zot:2    | Identified a +0 pair of boots of running (Okawaru gifted it
                  | to you on level 2 of the Realm of Zot)
 72190 | Zot:2    | Found a stormy altar of Qazlal.
 72193 | Zot:2    | Noticed an ancient lich
 72214 | Zot:2    | Killed an ancient lich
 72236 | Zot:2    | Got a vibrating steel ring
 72237 | Zot:2    | Identified the cursed ring of Efaupn {rPois rF++ Dex-4
                  | Stlth+} (You found it on level 2 of the Realm of Zot)
 73041 | Zot:3    | Received a gift from Okawaru
 73347 | Zot:3    | Noticed an orb of fire
 73366 | Zot:3    | Killed an orb of fire
 73791 | Zot:3    | Received a gift from Okawaru
 75300 | Zot:5    | Entered Level 5 of the Realm of Zot
 75301 | Zot:5    | Noticed an orb of fire
 75323 | Zot:5    | Killed an orb of fire
 76332 | Hell     | Entered the Vestibule of Hell
 76332 | Hell     | Noticed Geryon
 76873 | Hell     | Killed Geryon
 77343 | Zot:5    | Noticed an ancient lich
 77343 | Zot:5    | Noticed an ancient lich
 77353 | Zot:5    | Received a gift from Okawaru
 77374 | Zot:5    | Killed an ancient lich
 77374 | Zot:5    | Reached skill level 27 in Fighting
 77379 | Zot:5    | Killed an ancient lich
 77449 | Zot:5    | Noticed an orb of fire
 77452 | Zot:5    | Noticed an ancient lich
 77454 | Zot:5    | Noticed an orb of fire
 77476 | Zot:5    | Noticed an ancient lich
 77489 | Zot:5    | Noticed an ancient lich
 77494 | Zot:5    | Killed an orb of fire
 77503 | Zot:5    | Noticed an orb of fire
 77504 | Zot:5    | Noticed an ancient lich
 77512 | Zot:5    | HP: 4/199 [acid (7)]
 77529 | Zot:5    | Killed an ancient lich
 77535 | Zot:5    | Killed an ancient lich
 77535 | Zot:5    | Reached skill level 15 in Armour
 77543 | Zot:5    | Killed an orb of fire
 77556 | Zot:5    | HP: 6/199 [yellow draconian/glob of acid (6)]
 77556 | Zot:5    | HP: 1/199 [acid (5)]
 77557 | Zot:5    | Slain by an Orb Guardian

Illustrated notes

Levels and vault maps discovered:
D:1:      shiori_arrival_elements, layout_loops_ring, serial_forest,
          infiniplex_forest_clump_cross, infiniplex_forest_lined_1,
          infiniplex_forest_end_2, infiniplex_forest_lined_4_way,
          infiniplex_forest_clump_double, infiniplex_forest_clump_medium,
          infiniplex_forest_corner_1, infiniplex_forest_corner_2,
          infiniplex_forest_straight_1, hangedman_decor_growths,
          minmay_misc_feat_four_crosses
D:2:      layout_loops_cross, gammafunk_temple_overflow_statue
D:3:      layout_rooms, first_ration, minmay_fractal_squares_gapless_5
D:4:      layout_loops_ring, kennysheep_mini, minmay_divided_ellipse
D:5:      layout_loops_cross, nicolae_overflow_crystal_walls,
          serial_co_window_serial, co_window_paths_a, co_window_cross_1,
          co_window_corner_a, co_window_corner_a, co_window_paths_a,
          co_window_paths_a, co_window_cross_1, co_window_broadway_c,
          co_window_corner_ca, co_window_of_opportunity_c, glass_columns_c,
          glass_columns_a, glass_columns_a, glass_columns_a, glass_columns_b,
          uniq_grinder
D:6:      layout_rooms
D:7:      layout_cave_pools, minmay_temple_entry_drinking_statues, the_bakery,
          uniq_pikel
D:8:      layout_basic, ebering_ghost_reflecting_pool, kennysheep_small_circle,
          uniq_gastronok, uniq_erica, uniq_maurice, uniq_harold
D:9:      layout_loops_ring, lemuel_doored_altar, erik_lair_island,
          grunt_decor_one_mirror
D:10:     layout_loops_corners, orc_david_3
D:11:     layout_loops_corners, basic_altar
D:12:     layout_gridville, special_room [special_room_bee]
D:13:     layout_basic
D:14:     minmay_containers, layout_rooms, erik_vaults_2, lemuel_statue_altar,
          serial_shops, shop
D:15:     grunt_enter_depths_giant_problem, layout_irregular_city,
          nrook_pool_corridor
Lair:1:   layout_small_grid, portal_ice_cave_entry_imps, st_stairs_8,
          grunt_megastairs_4, lemuel_fruit_tree
Lair:2:   layout_roguey, spider_nest_entry_rubble, st_stairs_7, uniq_urug
Lair:3:   layout_misc_corridors
Lair:4:   layout_cellular_growth, minmay_swamp_entry_swarm
Lair:5:   layout_regular_city, basic_altar, gauntlet_entry_generic,
          chequers_serial_rivers_micro_b
Lair:6:   gammafunk_lair_ancient_temple, layout_hall_layers, slime_altar_2,
          uniq_sonja
Swamp:1:  layout_falls_marsh, evilmike_swamp_ruin_rubble_2, swamp_pool4
Swamp:2:  layout_basic_swamp, infiniplex_staircase_pool_2, uniq_nikola,
          uniq_donald
Swamp:3:  layout_basic_swamp, nicolae_swamp_very_dense_foliage
Swamp:4:  swamp, layout_basic_swamp, uniq_aizul
Spider:1: layout_chambers, drop_trap
Spider:2: layout_spider_delve, drop_trap
Spider:3: layout_spider_delve, uniq_arachne
Spider:4: floodkiller_spider_rune_tomb, nicolae_orb_island, uniq_roxanne
Orc:1:    layout_caves, serial_shops, nicolae_shop_stone
Orc:2:    grunt_orc_community_town_hall, layout_caves,
          grunt_orc_community_big_house_2, grunt_orc_community_big_house_1,
          grunt_orc_community_house_1, grunt_orc_community_house_2,
          grunt_orc_community_house_1, grunt_orc_community_house_3,
          grunt_orc_community_house_1, grunt_orc_community_house_3, basic_altar,
          mines2_david
Elf:1:    elf_arrival_001, layout_loops_corners, serial_co_window_serial,
          co_window_paths_a, co_window_corner_a, co_window_corner_a,
          co_window_paths_a, co_window_of_opportunity_a, co_window_paths_a,
          co_window_corner_a, co_window_broadway_c, co_window_paths_c,
          co_window_unsneaky_path_e, glass_columns_b, glass_columns_c,
          nrook_mini_backslash
Elf:2:    layout_geoelf_diagonals
Elf:3:    minmay_elf_hall_hex, layout_onion_city
Vaults:1: hangedman_vaults_stream, vaults_room_pool,
          nicolae_vaults_big_angled_halls, ontoclasm_vaults_chip,
          vaults_mumra_hexcomb, vaults_standard_mumra_lines,
          ontoclasm_vaults_gateway, nicolae_vaults_windows_and_doors_thing,
          hangedman_vaults_stretched_pinwheel, layout_vaults_big_room
Vaults:2: v_rooms_3, nicolae_vaults_an_arrangement,
          minmay_crypt_entry_simple_round, nicolae_vaults_theta,
          vaults_dpeg_doors, v_rooms_1, nicolae_vaults_diagonal_hallway_9,
          vaults_room_pool, vaults_dpeg_diagonal, v_rooms_5,
          nicolae_vaults_angled_halls, v_pattern_3, ontoclasm_vaults_bender,
          grunt_vaults_focal, ontoclasm_vaults_decontamination,
          layout_vaults_omnibox, uniq_boris
Vaults:3: nicolae_vaults_border_crossing, nicolae_vaults_quartermaster,
          nicolae_vaults_little_ls, vaults_mumra_lcd, vaults_dpeg_hooks,
          nicolae_vaults_yaktaur_gun_rack, ontoclasm_vaults_ring_small,
          v_misc_27, nicolae_vaults_asterisk, grunt_vaults_diagonal,
          layout_vaults_quadrants, serial_shops, nicolae_shop_crystal
Vaults:4: vaults_mumra_minichess_inversion, hangedman_vaults_maws,
          vaults_room_corners, ontoclasm_vaults_spin,
          hangedman_vaults_variations, hangedman_vaults_impose,
          vaults_room_ringed_pool, vaults_dpeg_encased_lava, v_rooms_2,
          vaults_room_hallway, vaults_dpeg_spiral, v_misc_16,
          nicolae_vaults_rhombus_5, layout_vaults_ring, uniq_margery
Vaults:5
Depths:1: layout_cave_shapes, minmay_door_square, grunt_mini_vestibule,
          drop_trap, serial_bayou_lagoon_b
Depths:2: cell_vault, layout_cross, muffindrake_ghost_dead_mans_drink,
          columned_hall_lemuel, hell_entry, minmay_staircase_bubble,
          minmay_shop_grove, firewood_loft
Depths:3: four-leaf_vault, layout_basic, grunt_decor_cap,
          rand_demon_pan_entry_1, hell_entry, abyss_entry_flame_altar,
          minmay_shattered_shrine
Depths:4: regret_index_dithmenos_brocken_genspenst, layout_cave_pools,
          hell_entry, mu_enter_wizlab_1, minmay_room_of_horrors,
          small_statue_intersection, hex_medium, minmay_splitting_lines,
          evilmike_spriggan_trog_shrine, infiniplex_staircase_zigzag_2,
          uniq_mara, uniq_sojobo
Depths:5: grunt_twist_and_shout, layout_basic, enter_ziggurat_c, special_room
          [special_room_morgue], serial_shops, shop, nicolae_shop_stone, shop,
          serial_curves, eino_curves_01, eino_curves_01, enter_trove_1,
          hell_entry, serial_bayou_shore_a
Hell
Zot:1:    layout_twisted_circle
Zot:2:    regret_index_qazlal_generations, layout_twisted_circle,
          skrybe_zot_glass_2
Zot:3:    layout_basic, zot_minivault_1
Zot:4:    layout_cathedral_of_symmetry, grunt_ministairs_10
Zot:5:    layout_misc_corridors, lemuel_baited_zot_trap, skrybe_zot_glass_1

Skill      XL: |  1  2  3  4  5  6  7  8  9 10 11 12 13 14 15 16 17 18 19 20 21 22 23 24 25 26 27 |
---------------+----------------------------------------------------------------------------------+-----
Maces & Flails | 3 4 5 6 7 9 11 13 14 16 17 18 19 20 | 20.5
Fighting       | 7 10 12 14 15 17 19 27 | 27.0
Shields        | 7 10 13 14 16 17 18 22 25 27 | 27.0
Armour         | 6 7 11 14 15 | 15.2
Invocations    | 5 10 18 | 18.2
Dodging        | 4 8 10 11 | 11.6
Translocations | 3 10 12 13 | 13.9
Spellcasting   | 2 7 9 11 | 11.7

Action                   |  1- 3 |  4- 6 |  7- 9 | 10-12 | 13-15 | 16-18 | 19-21 | 22-24 | 25-27 || total
-------------------------+-------+-------+-------+-------+-------+-------+-------+-------+-------++-------
Melee: Flail             |   149 |   249 |   475 |       |       |       |       |       |       ||   873
       Whip              |       |       |    32 |   931 |   340 |       |       |       |       ||  1303
       Demon whip        |       |       |       |       |  1031 |  2019 |  1972 |  1646 |   999 ||  7667
       Kick              |       |       |       |       |       |   457 |   265 |       |       ||   722
       Eveningstar       |       |       |       |       |       |       |       |   239 |  2149 ||  2388
       Unarmed           |       |       |       |       |       |       |       |       |     1 ||     1
Throw: Dart              |       |     4 |     5 |    19 |    10 |       |       |       |       ||    38
       Javelin           |       |       |       |       |       |     6 |       |       |       ||     6
 Cast: Lesser Beckoning  |       |       |       |       |       |       |       |       |     5 ||     5
Invok: Finesse           |       |       |       |     3 |     2 |     1 |     2 |     1 |     6 ||    15
       Heroism           |       |       |       |     1 |       |       |       |     1 |     1 ||     3
 Abil: Fly               |       |       |       |       |       |     2 |       |       |       ||     2
       Stop Flying       |       |       |       |       |       |     1 |     1 |       |       ||     2
       Evoke Blink       |       |       |       |       |       |       |       |       |     3 ||     3
Evoke: Phantom mirror    |       |       |       |       |       |       |     1 |       |       ||     1
       Wand              |       |       |       |       |       |       |       |       |     3 ||     3
  Use: Scroll            |       |       |    10 |    11 |    11 |     5 |    11 |    12 |    48 ||   108
       Potion            |       |       |     1 |     1 |     3 |     5 |     2 |       |    14 ||    26
 Stab: Distracted        |       |       |       |       |       |     3 |     1 |     1 |     2 ||     7
       Confused          |       |       |       |       |       |       |     1 |       |     1 ||     2
  Eat: Chunk             |     2 |     7 |    13 |    22 |    33 |    22 |    27 |    24 |    51 ||   201
       Ration            |       |       |       |       |     1 |     6 |     3 |     2 |     3 ||    15
Armor: Scale mail        |    99 |   152 |   214 |   229 |    31 |       |       |       |       ||   725
       Ring mail         |       |       |       |    18 |       |       |       |       |       ||    18
       Chain mail        |       |       |       |       |   269 |   797 |   585 |       |       ||  1651
       Storm dragon scal |       |       |       |       |       |    77 |       |       |       ||    77
       Crystal plate arm |       |       |       |       |       |       |   107 |   901 |  1837 ||  2845
       Skin              |       |       |       |       |       |       |       |       |     1 ||     1
Dodge: Dodged            |    58 |    81 |    94 |   142 |   117 |   338 |   308 |   319 |  1017 ||  2474
Block: Kite shield       |   108 |   221 |   328 |   478 |   901 |  1631 |  1366 |  1546 |   874 ||  7453
       Reflection        |       |       |     1 |    17 |    30 |    40 |    67 |   114 |    69 ||   338
       Tower shield      |       |       |       |       |       |       |       |       |  3010 ||  3010
